 Dungeon Crawl Stone Soup version 0.27.1-33-g824d729ab1 (webtiles) character file.

Game seed: 8091172067211620476

124 msqk the Protected (level 5, 0/47 HPs)
             Began as a Gnoll Wanderer on Dec 6, 2021.
             Slain by a hobgoblin (6 damage)
             ... led by Robin
             ... on level 2 of the Dungeon.
             The game lasted 00:26:51 (2109 turns).

msqk the Protected (Gnoll Wanderer)                 Turns: 2109, Time: 00:26:51

Health: 0/47       AC:  6    Str: 10    XL:     5   Next: 8%
Magic:  7/7        EV: 10    Int: 12    God:
Gold:   33         SH:  0    Dex: 13    Spells: 6/6 levels left

rFire    . . .     SeeInvis .   j - +2 short sword (flame)
rCold    . . .     Faith    .   (no shield)
rNeg     . . .     Spirit   .   u - +0 ring mail
rPois    .         Reflect  .   (no helmet)
rElec    .         Harm     .   (no cloak)
rCorr    .         Rampage  .   (no gloves)
Will     .....                  (no boots)
Stlth    +.........             (no amulet)
HPRegen  0.15/turn              (no ring)
MPRegen  0.10/turn              (no ring)

@: no status effects
A: fangs 1, strong nose, distributed training
a: no special abilities


You were on level 2 of the Dungeon.
You visited 1 branch of the dungeon, and saw 2 of its levels.

You collected 33 gold pieces.

Inventory:

Hand Weapons
 a - a +2 dagger
 c - a +0 mace
 f - a +0 hand axe
 g - a +0 whip
 h - a +0 dagger
 j - a +2 short sword of flaming (weapon)
 k - a +0 dagger
 m - a +0 dagger
 n - a +0 club
 o - a +0 short sword
 p - a +0 hunting sling
 s - a +0 long sword
Missiles
 b - 3 curare-tipped darts (quivered)
 e - 21 stones
 t - 13 bolts
Armour
 d - a +0 ring mail
 i - a +0 leather armour
 q - a +0 chain mail
 u - a +0 ring mail (worn)
Scrolls
 l - a scroll of amnesia


   Skills:
 + Level 6.6 Fighting
 + Level 1.3 Short Blades
 + Level 1.3 Long Blades
 + Level 1.3 Axes
 + Level 2.9 Maces & Flails
 + Level 1.3 Polearms
 + Level 1.3 Staves
 + Level 1.3 Slings
 + Level 1.3 Bows
 + Level 1.3 Crossbows
 + Level 4.7 Throwing
 + Level 8.6 Armour
 + Level 1.3 Dodging
 + Level 1.3 Stealth
 + Level 1.3 Shields
 + Level 1.3 Unarmed Combat
 + Level 1.3 Spellcasting
 + Level 1.1 Conjurations
 + Level 1.1 Hexes
 + Level 1.1 Summonings
 + Level 1.1 Necromancy
 + Level 1.1 Translocations
 + Level 1.1 Transmutations
 + Level 1.1 Fire Magic
 + Level 1.1 Ice Magic
 + Level 1.1 Air Magic
 + Level 1.1 Earth Magic
 + Level 1.1 Poison Magic
 + Level 1.5 Invocations
 + Level 1.3 Evocations


You had 6 spell levels left.
You didn't know any spells.
Your spell library was empty.

Dungeon Overview and Level Annotations

Branches:
Dungeon (2/15)

Altars:

Shops:
D:1 (?(


Innate Abilities, Weirdness & Mutations

You have very sharp teeth.
Your uncanny sense of smell can sniff out nearby items.
Your experience applies equally to all skills.


Message History

The goblin closely misses you. The goblin hits you but does no damage.
You hit the goblin. You burn the goblin.
The goblin is heavily wounded.
The goblin barely misses you. The goblin hits you with a +0 dagger.
* * * LOW HITPOINT WARNING * * *
You closely miss the goblin.
The goblin is heavily wounded.
The goblin closely misses you. Robin completely misses you.
The goblin closely misses you. x2
You hit the goblin. You burn the goblin.
You kill the goblin!
The goblin no longer looks unusually strong.
Robin throws the goblin at you! The goblin hits you but does no damage.
You hit the goblin. You burn the goblin. You punch the goblin.
You kill the goblin!
Robin hits you but does no damage.
You closely miss the hobgoblin. Robin hits you but does no damage.
The hobgoblin hits you but does no damage.
You barely miss Robin.
Robin is moderately wounded.
Robin misses you.
The hobgoblin hits you but does no damage.
You hit Robin. You burn Robin.
Robin is heavily wounded.
Robin hits you with a +0 whip.
* * * LOW HITPOINT WARNING * * *
The hobgoblin misses you.
You hit Robin. You burn Robin.
Robin is almost dead.
Robin hits you with a +0 whip.
* * * LOW HITPOINT WARNING * * *
The hobgoblin hits you.
* * * LOW HITPOINT WARNING * * *
You closely miss Robin.
Robin is almost dead.
Robin closely misses you. The hobgoblin closely misses you.
You hit Robin. You burn Robin.
You kill Robin!
The hobgoblin hits you.
You die...

.#..##.......##.....######....#
####....######.....##.#..###
...###..'....# #.....##.....>#
... #.######## #.....#........
... ##...)..## ####.....#.......#
.# ########'###........#.......#
# #.........##.#......#.......>
### #.........##)#......#.....###
..# #....÷....##@#......#........
..###....÷...÷##)g............###
...##.........##..........#...##.
...##÷....÷...##...............#.
...#############...####......#.#.
...# ###########...##........#.#.
...# #.....#.).....##.#......#.#.
..## #.....gg)........#..........
..####.....#....................#


You could see a hobgoblin (strong).

Vanquished Creatures
  2 jellies (D:2)
  Robin (D:2)
  A worm (D:2)
  A dart slug (D:1)
  5 ball pythons (D:1)
  11 endoplasms
  2 giant cockroaches (D:1)
  12 goblins
  2 hobgoblins
  A jackal (D:1)
  9 kobolds
  3 bats
  5 rats
  A spectral goblin (D:1)
56 creatures vanquished.

Vanquished Creatures (others)
  A rat (D:1)
  9 fungi (D:2)
  8 toadstools (D:2)
18 creatures vanquished.

Grand Total: 74 creatures vanquished

Notes
Turn   | Place    | Note
-------+----------+-------------------------------------------
     0 | D:1      | msqk the Gnoll Wanderer began the quest for the Orb.
     0 | D:1      | msqk set off with the following items: a +2 dagger, 3
                  | curare-tipped darts, a +0 mace, a +0 ring mail
     0 | D:1      | Reached XP level 1. HP: 23/23 MP: 1/1
   112 | D:1      | Found Sotair Vuos's Antique Weapon Emporium.
   115 | D:1      | Found Buwifi's Magic Scroll Emporium.
   131 | D:1      | Found Amoray's Weapon Boutique.
   391 | D:1      | Found a faded altar of an unknown god.
   399 | D:1      | Reached XP level 2. HP: 29/29 MP: 2/2
   908 | D:1      | Reached XP level 3. HP: 34/35 MP: 3/3
  1630 | D:2      | Reached skill level 1 in Short Blades
  1630 | D:2      | Reached skill level 1 in Long Blades
  1630 | D:2      | Reached skill level 1 in Axes
  1630 | D:2      | Reached skill level 1 in Polearms
  1630 | D:2      | Reached skill level 1 in Staves
  1630 | D:2      | Reached skill level 1 in Slings
  1630 | D:2      | Reached skill level 1 in Bows
  1630 | D:2      | Reached skill level 1 in Crossbows
  1630 | D:2      | Reached skill level 1 in Dodging
  1630 | D:2      | Reached skill level 1 in Stealth
  1630 | D:2      | Reached skill level 1 in Shields
  1630 | D:2      | Reached skill level 1 in Unarmed Combat
  1630 | D:2      | Reached skill level 1 in Spellcasting
  1630 | D:2      | Reached skill level 1 in Invocations
  1630 | D:2      | Reached skill level 1 in Evocations
  1630 | D:2      | Reached XP level 4. HP: 29/41 MP: 5/5
  1650 | D:2      | Reached skill level 1 in Conjurations
  1650 | D:2      | Reached skill level 1 in Hexes
  1650 | D:2      | Reached skill level 1 in Summonings
  1650 | D:2      | Reached skill level 1 in Necromancy
  1650 | D:2      | Reached skill level 1 in Translocations
  1650 | D:2      | Reached skill level 1 in Transmutations
  1650 | D:2      | Reached skill level 1 in Fire Magic
  1650 | D:2      | Reached skill level 1 in Ice Magic
  1650 | D:2      | Reached skill level 1 in Air Magic
  1650 | D:2      | Reached skill level 1 in Earth Magic
  1650 | D:2      | Reached skill level 1 in Poison Magic
  2037 | D:2      | Noticed Robin
  2066 | D:2      | Reached XP level 5. HP: 44/47 MP: 6/6
  2109 | D:2      | Killed Robin
  2109 | D:2      | Slain by a hobgoblin

Illustrated notes

Levels and vault maps discovered:
D:1:      erik_arrival_orb_chamber, layout_basic,
          dreamdust_ecumenical_altar_drowned_temple, serial_shops, shop,
          shop_fountains, nicolae_shop_trees, nrook_mini_vaults,
          corexii_corridor_pit, minmay_cupped
D:2:      cheibrodos_fertilizer, layout_basic, uniq_robin, uniq_terence

Skill      XL: |  1  2  3  4 |
---------------+-------------+-----
Short Blades   | 1 |  1.3
Long Blades    | 1 |  1.3
Axes           | 1 |  1.3
Polearms       | 1 |  1.3
Staves         | 1 |  1.3
Slings         | 1 |  1.3
Bows           | 1 |  1.3
Crossbows      | 1 |  1.3
Dodging        | 1 |  1.3
Stealth        | 1 |  1.3
Shields        | 1 |  1.3
Unarmed Combat | 1 |  1.3
Spellcasting   | 1 |  1.3
Invocations    | 1 |  1.5
Evocations     | 1 |  1.3
Conjurations   | 1 |  1.1
Hexes          | 1 |  1.1
Summonings     | 1 |  1.1
Necromancy     | 1 |  1.1
Translocations | 1 |  1.1
Transmutations | 1 |  1.1
Fire Magic     | 1 |  1.1
Ice Magic      | 1 |  1.1
Air Magic      | 1 |  1.1
Earth Magic    | 1 |  1.1
Poison Magic   | 1 |  1.1
Fighting       | |  6.6
Maces & Flails | |  2.9
Throwing       | |  4.7
Armour         | |  8.6

Action                   |  1- 3 |  4- 6 || total
-------------------------+-------+-------++-------
Melee: Mace              |    65 |       ||    65
       Bite              |     6 |     4 ||    10
       Short sword       |    38 |    78 ||   116
       Punch             |       |     1 ||     1
  Use: Scroll            |     2 |     2 ||     4
       Potion            |       |     1 ||     1
Armor: Ring mail         |    64 |    50 ||   114
       Skin              |       |     2 ||     2
Dodge: Dodged            |    65 |    62 ||   127
